| TOP OF THE 1ST |
|
Colorado Avalanche batting - Pitching for Portland Angels : LHP Alejandro Jimenez
|
|
Pitching: LHP Alejandro Jimenez
|
|
|
Batting: RHB Ben Connelly
|
0-0: Fly out, F7 (Flyball, 7LD, EV 106.9 MPH)
|
|
Batting: SHB Taylor Shelton
|
0-0: Ball 1-0: Swinging Strike 1-1: Foul Ball, location: 2F 1-2: Strikes out swinging
|
|
Batting: RHB Edwin Bejarano
|
0-0: SOLO HOME RUN (Flyball, 89XD, EV 96.9 MPH), Distance : 398 ft
|
|
Batting: RHB Brent Montagano
|
0-0: Called Strike 0-1: Ball 1-1: Called Strike 1-2: Foul Ball, location: 2F 1-2: Ball 2-2: Ball 3-2: Ground out 6-3 (Groundball, 6, EV 81.9 MPH)
|
| Top of the 1st over - 1 run, 1 hit, 0 errors, 0 left on base; Colorado 1 - Portland 0 |
| BOTTOM OF THE 1ST |
|
Portland Angels batting - Pitching for Colorado Avalanche : RHP Juan Osorio
|
|
Pitching: RHP Juan Osorio
|
|
|
Batting: RHB Ken Beck
|
0-0: SINGLE (Flyball, 8LS, EV 95.0 MPH)
|
|
Batting: RHB Jayden Hollaway
|
0-0: Fly out, F8 (Flyball, 8RM, EV 86.9 MPH)
|
|
Batting: LHB Jon Rahn
|
0-0: SINGLE (Groundball, 4MS, EV 64.4 MPH) (infield hit) Ken Beck to second
|
|
Batting: RHB Alex Rosaly
|
0-0: Ball 1-0: Foul Ball, location: 2F 1-1: Fly out, F7 (Flyball, 7, EV 75.0 MPH)
|
|
Batting: LHB Lourens Aukema
|
0-0: Called Strike 0-1: Foul Ball, location: 2F 0-2: Ball 1-2: Foul Ball, location: 2F 1-2: Strikes out looking
|
| Bottom of the 1st over - 0 runs, 2 hits, 0 errors, 2 left on base; Colorado 1 - Portland 0 |
| TOP OF THE 2ND |
|
Colorado Avalanche batting - Pitching for Portland Angels : LHP Alejandro Jimenez
|
|
Batting: LHB Tyler Twiss
|
0-0: Called Strike 0-1: Ball 1-1: Called Strike 1-2: Ball 2-2: Strikes out swinging
|
|
Batting: LHB Dan Goldberg
|
0-0: Ball 1-0: Foul Ball, location: 2F 1-1: Foul Ball, location: 2F 1-2: Strikes out swinging
|
|
Batting: RHB Jon Herner
|
0-0: Ball 1-0: Called Strike 1-1: Ball 2-1: Foul Ball, location: 2F 2-2: Strikes out looking
|
| Top of the 2nd over - 0 runs, 0 hits, 0 errors, 0 left on base; Colorado 1 - Portland 0 |
| BOTTOM OF THE 2ND |
|
Portland Angels batting - Pitching for Colorado Avalanche : RHP Juan Osorio
|
|
Batting: RHB Mario Martinez
|
0-0: Ball 1-0: Swinging Strike 1-1: Swinging Strike 1-2: Foul Ball, location: 2F 1-2: Ball 2-2: Strikes out swinging
|
|
Batting: RHB Bob Dewar
|
0-0: Ball 1-0: Ball 2-0: Swinging Strike 2-1: Foul Ball, location: 2F 2-2: Foul Ball, location: 2F 2-2: Foul Ball, location: 2F 2-2: Strikes out swinging
|
|
Batting: LHB John Harvey
|
0-0: Called Strike 0-1: Ball 1-1: Swinging Strike 1-2: Ball 2-2: Strikes out swinging
|
| Bottom of the 2nd over - 0 runs, 0 hits, 0 errors, 0 left on base; Colorado 1 - Portland 0 |
| TOP OF THE 3RD |
|
Colorado Avalanche batting - Pitching for Portland Angels : LHP Alejandro Jimenez
|
|
Batting: RHB Ken Dunphy
|
0-0: Called Strike 0-1: Ball 1-1: Called Strike 1-2: Strikes out swinging
|
|
Batting: LHB Bob Kaufmann
|
0-0: Foul Ball, location: 2F 0-1: Ball 1-1: Swinging Strike 1-2: Foul Ball, location: 2F 1-2: Strikes out swinging
|
|
Batting: RHB Ben Connelly
|
0-0: Ball 1-0: Called Strike 1-1: SINGLE (Groundball, 34D, EV 102.5 MPH)
|
|
Batting: SHB Taylor Shelton
|
0-0: Ball 1-0: Called Strike 1-1: Swinging Strike 1-2: Ball 2-2: Foul Ball, location: 2F 2-2: Ball 3-2: Ground out 6-3 (Groundball, 6M, EV 90.0 MPH)
|
| Top of the 3rd over - 0 runs, 1 hit, 0 errors, 1 left on base; Colorado 1 - Portland 0 |
| BOTTOM OF THE 3RD |
|
Portland Angels batting - Pitching for Colorado Avalanche : RHP Juan Osorio
|
|
Batting: LHB Matt Herndon
|
0-0: Swinging Strike 0-1: Ball 1-1: Foul Ball, location: 2F 1-2: Strikes out swinging
|
|
Batting: RHB Ken Beck
|
0-0: Called Strike 0-1: Ball 1-1: Ball 2-1: Called Strike 2-2: Foul Ball, location: 2F 2-2: Ball 3-2: Foul Ball, location: 2F 3-2: Base on Balls
|
|
Batting: RHB Jayden Hollaway
|
0-0: Ball Ken Beck is caught stealing 2nd base 2-4 1-0: Foul Ball, location: 2F 1-1: Ball 2-1: Foul Ball, location: 2F 2-2: Foul Ball, location: 2F 2-2: Fly out, F8 (Line Drive, 8RS, EV 99.4 MPH)
|
| Bottom of the 3rd over - 0 runs, 0 hits, 0 errors, 0 left on base; Colorado 1 - Portland 0 |
| TOP OF THE 4TH |
|
Colorado Avalanche batting - Pitching for Portland Angels : LHP Alejandro Jimenez
|
|
Batting: RHB Edwin Bejarano
|
0-0: Ball 1-0: Fly out, F9 (Flyball, 89M, EV 78.8 MPH)
|
|
Batting: RHB Brent Montagano
|
0-0: Called Strike 0-1: Ball 1-1: Ball 2-1: Foul Ball, location: 2F 2-2: Foul Ball, location: 2F 2-2: SOLO HOME RUN (Line Drive, 7D, EV 98.8 MPH), Distance : 370 ft
|
|
Batting: LHB Tyler Twiss
|
0-0: Called Strike 0-1: Swinging Strike 0-2: Ball 1-2: Strikes out swinging
|
|
Batting: LHB Dan Goldberg
|
0-0: Swinging Strike 0-1: Ball 1-1: Ball 2-1: Ball 3-1: SINGLE (Flyball, 8LS, EV 95.0 MPH)
|
|
Batting: RHB Jon Herner
|
0-0: Ball 1-0: Fielders Choice at 2nd, 6-4 (Groundball, 6, EV 91.2 MPH)
|
| Top of the 4th over - 1 run, 2 hits, 0 errors, 1 left on base; Colorado 2 - Portland 0 |
| BOTTOM OF THE 4TH |
|
Portland Angels batting - Pitching for Colorado Avalanche : RHP Juan Osorio
|
|
Batting: LHB Jon Rahn
|
0-0: Ball 1-0: Ball 2-0: Called Strike 2-1: Called Strike 2-2: Fly out, F8 (Flyball, 8RD, EV 86.2 MPH)
|
|
Batting: RHB Alex Rosaly
|
0-0: Foul Ball, location: 2F 0-1: Foul Ball, location: 2F 0-2: Fly out, F7 (Flyball, 78S, EV 76.9 MPH)
|
|
Batting: LHB Lourens Aukema
|
0-0: Swinging Strike 0-1: Foul Ball, location: 2F 0-2: Ball 1-2: Strikes out swinging, 2-3 out at first.
|
| Bottom of the 4th over - 0 runs, 0 hits, 0 errors, 0 left on base; Colorado 2 - Portland 0 |
| TOP OF THE 5TH |
|
Colorado Avalanche batting - Pitching for Portland Angels : LHP Alejandro Jimenez
|
|
Batting: RHB Ken Dunphy
|
0-0: Ball 1-0: Called Strike 1-1: Foul Ball, location: 2F 1-2: Ball 2-2: Strikes out swinging
|
|
Batting: LHB Bob Kaufmann
|
0-0: Called Strike 0-1: Ground out 1-3 (Groundball, 13S, EV 72.5 MPH)
|
|
Batting: RHB Ben Connelly
|
0-0: Ball 1-0: Called Strike 1-1: Foul Ball, location: 2F 1-2: Ball 2-2: Strikes out swinging
|
| Top of the 5th over - 0 runs, 0 hits, 0 errors, 0 left on base; Colorado 2 - Portland 0 |
| BOTTOM OF THE 5TH |
|
Portland Angels batting - Pitching for Colorado Avalanche : RHP Juan Osorio
|
|
Batting: RHB Mario Martinez
|
0-0: Ball 1-0: Called Strike 1-1: Foul Ball, location: 2F 1-2: Foul Ball, location: 2F 1-2: Ball 2-2: Foul Ball, location: 2F 2-2: Foul Ball, location: 2F 2-2: Strikes out looking
|
|
Batting: RHB Bob Dewar
|
0-0: Called Strike 0-1: Swinging Strike 0-2: Ball 1-2: Strikes out swinging
|
|
Batting: LHB John Harvey
|
0-0: Called Strike 0-1: Foul Ball, location: 2F 0-2: Ball 1-2: Foul Ball, location: 2F 1-2: Foul Ball, location: 2F 1-2: Strikes out swinging
|
| Bottom of the 5th over - 0 runs, 0 hits, 0 errors, 0 left on base; Colorado 2 - Portland 0 |
| TOP OF THE 6TH |
|
Colorado Avalanche batting - Pitching for Portland Angels : LHP Alejandro Jimenez
|
|
Batting: SHB Taylor Shelton
|
0-0: Called Strike 0-1: Foul Ball, location: 2F 0-2: Ball 1-2: Foul Ball, location: 2F 1-2: Ball 2-2: Ball 3-2: Strikes out looking
|
|
Pitching: RHP John Martin
|
|
|
Batting: RHB Edwin Bejarano
|
0-0: Called Strike 0-1: Hit by Pitch
|
|
Batting: RHB Brent Montagano
|
0-0: Called Strike 0-1: Ball Wild Pitch! Edwin Bejarano to second 1-1: Intentional Walk
|
|
Batting: LHB Tyler Twiss
|
0-0: Ball 1-0: Ball 2-0: Fly out, F7 (Flyball, 7, EV 92.5 MPH)
|
|
Batting: LHB Dan Goldberg
|
0-0: Called Strike 0-1: Ball 1-1: Ground out 4-3 (Groundball, 34D, EV 106.2 MPH)
|
| Top of the 6th over - 0 runs, 0 hits, 0 errors, 2 left on base; Colorado 2 - Portland 0 |
| BOTTOM OF THE 6TH |
|
Portland Angels batting - Pitching for Colorado Avalanche : RHP Juan Osorio
|
|
Pitching: LHP Harley Traynor
|
|
|
Batting: LHB Matt Herndon
|
0-0: Ball 1-0: Fly out, F9 (Flyball, 9, EV 86.9 MPH)
|
|
Batting: RHB Ken Beck
|
0-0: Called Strike 0-1: Called Strike 0-2: Ball 1-2: Fly out, F5 (Popup, 5SF, EV 88.1 MPH)
|
|
Batting: RHB Jayden Hollaway
|
0-0: Ball 1-0: Ground out 6-3 (Groundball, 56, EV 78.1 MPH)
|
| Bottom of the 6th over - 0 runs, 0 hits, 0 errors, 0 left on base; Colorado 2 - Portland 0 |
| TOP OF THE 7TH |
|
Colorado Avalanche batting - Pitching for Portland Angels : RHP John Martin
|
|
Batting: RHB Jon Herner
|
0-0: SINGLE (Groundball, 4MD, EV 110.0 MPH)
|
|
Pinch Hitting: LHB Rich Rauda
|
0-0: Bunted foul 0-1: Ball 1-1: Sac Bunt to 15 - play at first, batter OUT! 1-4 Jon Herner to second
|
|
Batting: LHB Bob Kaufmann
|
0-0: Foul Ball, location: 2F 0-1: Foul Ball, location: 2F 0-2: Strikes out swinging
|
|
Batting: RHB Ben Connelly
|
0-0: Ball 1-0: Called Strike 1-1: Ball 2-1: Ground out 6-3 (Groundball, 56, EV 88.1 MPH)
|
| Top of the 7th over - 0 runs, 1 hit, 0 errors, 1 left on base; Colorado 2 - Portland 0 |
| BOTTOM OF THE 7TH |
|
Portland Angels batting - Pitching for Colorado Avalanche : LHP Harley Traynor
|
|
Now at 3B: Joe Shade
|
|
|
Batting: LHB Jon Rahn
|
0-0: Foul Ball, location: 2F 0-1: Called Strike 0-2: Ball 1-2: Strikes out looking
|
|
Batting: RHB Alex Rosaly
|
0-0: Ball 1-0: Foul Ball, location: 2F 1-1: Foul Ball, location: 2F 1-2: Ball 2-2: Ball 3-2: Foul Ball, location: 2F 3-2: TRIPLE (Flyball, 8LXD, EV 102.5 MPH)
|
|
Batting: LHB Lourens Aukema
|
0-0: Called Strike 0-1: Foul Ball, location: 2F 0-2: Foul Ball, location: 2F 0-2: Fly out, F7 (Line Drive, 78M, EV 100.0 MPH) Runner from 3rd tags up, SCORES, throw by LF
|
|
Batting: RHB Mario Martinez
|
0-0: Ball 1-0: Foul Ball, location: 2F 1-1: Ball 2-1: Foul Ball, location: 2F 2-2: Ground out 1-3 (Groundball, 13S, EV 68.8 MPH)
|
| Bottom of the 7th over - 1 run, 1 hit, 0 errors, 0 left on base; Colorado 2 - Portland 1 |
| TOP OF THE 8TH |
|
Colorado Avalanche batting - Pitching for Portland Angels : RHP John Martin
|
|
Batting: SHB Taylor Shelton
|
0-0: Ball 1-0: Called Strike 1-1: Fly out, F9 (Line Drive, 9, EV 87.5 MPH)
|
|
Batting: RHB Edwin Bejarano
|
0-0: Swinging Strike 0-1: Ball 1-1: Swinging Strike 1-2: Strikes out looking
|
|
Batting: RHB Brent Montagano
|
0-0: Foul Ball, location: 2F 0-1: Ball 1-1: Ball 2-1: Ground out U3 (Groundball, 34, EV 106.2 MPH)
|
| Top of the 8th over - 0 runs, 0 hits, 0 errors, 0 left on base; Colorado 2 - Portland 1 |
| BOTTOM OF THE 8TH |
|
Portland Angels batting - Pitching for Colorado Avalanche : LHP Harley Traynor
|
|
Pitching: LHP Danny Sebastian
|
|
|
Batting: RHB Bob Dewar
|
0-0: SINGLE (Flyball, 78S, EV 85.6 MPH)
|
|
Pinch Hitting: RHB Jose Garduno
|
0-0: Fielders Choice at 2nd, 6-4 (Groundball, 6, EV 84.4 MPH)
|
|
Pinch Hitting: RHB Eric Hays
|
0-0: Ball 1-0: Fly out, F8 (Line Drive, 8LM, EV 89.4 MPH)
|
|
Pinch Hitting: RHB Joe Keough
|
0-0: Foul Ball, location: 2F 0-1: Foul Ball, location: 2F 0-2: Ball 1-2: Ball 2-2: SINGLE (Groundball, 6MD, EV 105.6 MPH) Jose Garduno to second Runner from 2nd tries for 3rd, SAFE, throw by CF made to third
|
|
Batting: RHB Jayden Hollaway
|
0-0: Foul Ball, location: 2F 0-1: Ball 1-1: Called Strike 1-2: SINGLE (Groundball, 6D, EV 104.4 MPH) Jose Garduno scores Joe Keough to second
|
|
Batting: LHB Jon Rahn
|
0-0: Ball 1-0: Ball 2-0: Called Strike 2-1: Foul Ball, location: 2F 2-2: Foul Ball, location: 2F 2-2: Ball 3-2: Ground out 4-3 (Groundball, 4S, EV 75.6 MPH)
|
| Bottom of the 8th over - 1 run, 3 hits, 0 errors, 2 left on base; Colorado 2 - Portland 2 |
| TOP OF THE 9TH |
|
Colorado Avalanche batting - Pitching for Portland Angels : RHP John Martin
|
|
Pitching: RHP Hector Agudelo
|
|
|
Now at 2B: Jose Garduno
|
|
|
Now in CF: Dan Contreras
|
|
|
Now in RF: Miguel Hernandez
|
|
|
Batting: LHB Tyler Twiss
|
0-0: Called Strike 0-1: Ball 1-1: Ball 2-1: Swinging Strike 2-2: Foul Ball, location: 2F 2-2: Strikes out swinging
|
|
Pinch Hitting: RHB Marco Avina
|
0-0: Ball 1-0: Called Strike 1-1: Swinging Strike 1-2: Ball 2-2: Foul Ball, location: 2F 2-2: Strikes out swinging
|
|
Batting: RHB Jon Herner
|
0-0: Ball 1-0: Called Strike 1-1: Ball 2-1: Swinging Strike 2-2: Ball 3-2: SINGLE (Groundball, 6MD, EV 98.1 MPH)
|
|
Batting: RHB Joe Shade
|
0-0: Swinging Strike 0-1: Foul Ball, location: 2F 0-2: Ball 1-2: Foul Ball, location: 2F 1-2: Strikes out swinging
|
| Top of the 9th over - 0 runs, 1 hit, 0 errors, 1 left on base; Colorado 2 - Portland 2 |
|